 Dungeon Crawl Stone Soup version 0.28-a0-1412-gf95308ed99 (webtiles) character file.

Game seed: 17761665148207940712

111 Deminshera the Conjurer (level 5, 0/33 (35) HPs)
             Began as a Human Conjurer on Jan 7, 2022.
             Slain by a hell rat (2 damage)
             ... in a sewer.
             The game lasted 00:03:17 (4440 turns).

Deminshera the Conjurer (Human Conjurer)            Turns: 4440, Time: 00:03:18

HP:   0/33 (35)     AC:  2    Str:  7    XL:     5   Next: 15%
MP:   4/10          EV: 12    Int: 20    God:
Gold: 163           SH:  0    Dex: 12    Spells: 3/10 levels left

rFire   . . .      SeeInvis .   (no weapon)
rCold   . . .      Faith    .   (no shield)
rNeg    . . .      Spirit   .   a - +0 robe
rPois   .          Reflect  .   (no helmet)
rElec   .          Harm     .   (no cloak)
rCorr   .          Rampage  .   (no gloves)
Will    .....                   (no boots)
Stlth   +.........              (no amulet)
HPRegen 0.11/turn               (no ring)
MPRegen 0.12/turn               (no ring)

@: drained, very slow
A: no striking features
a: no special abilities


You were in a sewer.
You visited 1 branch of the dungeon, and saw 3 of its levels.
You also visited: Sewer.

You collected 163 gold pieces.

Inventory:

Armour
 a - a +0 robe (worn)
Wands
 l - a wand of flame (2)
Scrolls
 e - a scroll of identify
 g - 2 scrolls of fog
Potions
 b - a potion of haste {unknown}
 f - a potion of attraction {unknown}
 i - a potion of might {unknown}
 k - 4 potions of curing {unknown}


   Skills:
 - Level 2.0 Dodging
 - Level 2.0 Stealth
 + Level 3.3 Spellcasting
 + Level 5.0 Conjurations
 + Level 1.1 Hexes


You had 3 spell levels left.
You knew the following spells:

 Your Spells              Type           Power      Damage    Failure   Level
a - Magic Dart            Conj           92%        1d7       1%          1
b - Searing Ray           Conj           46%        2d6       2%          2
c - Fulminant Prism       Conj/Hex       7%         3d7       36%         4

Your spell library contained the following spells:

 Spells                   Type           Power      Damage    Failure   Level
 Dazzling Flash           Conj/Hex       30%        N/A       12%         3
 Ensorcelled Hibernation  Hex/Ice        10%        N/A       17%         2
 Spider Form              Tmut/Pois      3%         N/A       38%         3
 Iskenderun's Mystic Bla  Conj/Tloc      13%        2d5       43%         4


Dungeon Overview and Level Annotations

Branches:
Dungeon (3/15)              Sewer (1/1)

Altars:

Annotations:
Sewer exclusion: door


Message History

Moving in this stuff is going to be slow.
Partly explored, can't reach some places.
Partly explored, can't reach some places.
You enter the shallow water.
Moving in this stuff is going to be slow.
You enter the shallow water.
Moving in this stuff is going to be slow.
This door is marked as excluded!
Open it anyway?
As you open the door, it creaks loudly!
A hell rat comes into view.
The hell rat roars deafeningly!
Found three items.
Found a gate leading back out of this place.
Casting: Magic Dart (safe; 1% risk of failure)
Confirm with . or Enter, or press ? or * to list all spells.
Aiming: Searing Ray (safe; 2% risk of failure)
Press: ? - help, Shift-Dir - straight line, f - hell rat
Aim: a hell rat (78% to hit)
The searing ray hits the hell rat.
The hell rat is lightly wounded. (Press . to maintain the ray.)
The searing ray misses the hell rat.
You enter the shallow water.
Moving in this stuff is going to be slow.
Casting: Searing Ray (safe; 2% risk of failure)
Confirm with . or Enter, or press ? or * to list all spells.
Aiming: Searing Ray (safe; 2% risk of failure)
Press: ? - help, Shift-Dir - straight line, f/p - hell rat
Aim: a hell rat (lightly wounded, 78% to hit)
The searing ray hits the hell rat but does no damage.
The hell rat is lightly wounded. (Press . to maintain the ray.)
The hell rat misses you. The hell rat bites you!
The searing ray hits the hell rat.
The hell rat is moderately wounded.
The hell rat bites you!!
Ouch! That really hurt!
* * * LOW HITPOINT WARNING * * *
You feel drained.
You die...

###.≈≈≈≈∩≈....###
#.≈≈.≈#####≈.≈≈≈#
##≈.≈###
∩!###≈≈.## #≈.≈##
?[!≈##.≈≈# #.≈≈#
≈≈..≈#.≈.# #.≈.##
≈≈≈≈##≈..#
##.≈.###
≈.###.÷.##
#..†≈.##'##≈≈≈.≈#
###≈≈≈@r.≈÷≈≈≈###
###≈†≈..≈≈###
#########


You could see a hell rat.

Vanquished Creatures
  3 adders
  2 river rats (Sewer)
  A worm (D:3)
  3 dart slugs (D:1)
  2 endoplasms (D:3)
  2 giant cockroaches (D:1)
  7 goblins
  14 hobgoblins
  3 kobolds
  A quokka (D:1)
  4 ball pythons
  3 bats
  3 frilled lizards
  9 rats
57 creatures vanquished.

Notes
Turn   | Place    | Note
-------+----------+-------------------------------------------
     0 | D:1      | Deminshera the Human Conjurer began the quest for the Orb.
     0 | D:1      | Reached XP level 1. HP: 13/13 MP: 3/3
   326 | D:1      | Reached XP level 2. HP: 4/19 MP: 1/5
   329 | D:1      | Learned a level 2 spell: Searing Ray
  1150 | D:1      | Reached XP level 3. HP: 24/24 MP: 2/6
  1466 | D:1      | Found a faded altar of an unknown god.
  2668 | D:2      | Reached XP level 4. HP: 29/30 MP: 2/8
  2851 | D:2      | Learned a level 4 spell: Fulminant Prism
  4040 | D:3      | Found a glowing drain.
  4047 | D:3      | Noticed a sky beast
  4049 | Sewer    | Entered a sewer
  4058 | Sewer    | Reached skill level 5 in Conjurations
  4058 | Sewer    | Reached XP level 5. HP: 35/35 MP: 3/9
  4382 | Sewer    | Reached skill level 1 in Hexes
  4440 | Sewer    | Slain by a hell rat

Illustrated notes

Levels and vault maps discovered:
D:1:      scummos_arrival_checkerplants, layout_rooms,
          chequers_ecumenical_altar_twisty
D:2:      cheibrodos_greedy_goblins, layout_basic, minmay_misc_feat_columns,
          minmay_misc_feat_ornament
D:3:      layout_loops_ring, cheibrodos_sewer_entry_sluice, st_stairs_9,
          minmay_misc_feat_rugged
Sewer:    sewer_hellmonk_bad_rat

Skill      XL: |  1  2  3  4  5 |
---------------+----------------+-----
Spellcasting   | 3 |  3.3
Conjurations   | 5 |  5.0
Hexes          | 1 |  1.1
Dodging        | |  2.0
Stealth        | |  2.0

Action                   |  1- 3 |  4- 6 || total
-------------------------+-------+-------++-------
Melee: Unarmed           |    14 |       ||    14
 Cast: Magic Dart        |    55 |    51 ||   106
       Searing Ray       |     2 |     2 ||     4
  Use: Scroll            |       |     6 ||     6
Armor: Robe              |     4 |     1 ||     5
Dodge: Dodged            |    13 |     4 ||    17

Table legend: (Time is in decaauts)
 A = Elapsed time spent in this place.
 B = Non-inter-level travel time spent in this place.
 C = Inter-level travel time spent in this place.
 D = Time resting spent in this place.
 E = Time spent auto-exploring this place.
 F = Levels seen in this place.
 G = Mean time per level.
                   A        B        C        D        E       F      G
               +--------+--------+--------+--------+--------+-----+--------+
         Total |   4452 |   4288 |    164 |   1941 |   2030 |   4 | 1113.0 |
       Dungeon |   4048 |   3884 |    164 |   1652 |   1962 |   3 | 1349.3 |
         Sewer |    403 |    403 |      0 |    289 |     68 |   1 |  403.0 |
               +--------+--------+--------+--------+--------+-----+--------+

Top non-repeatable levels by time:
     D:2: 2071 daAuts
     D:1: 1564 daAuts
     D:3: 412 daAuts
   Sewer: 403 daAuts
